 Dungeon Crawl Stone Soup version 0.23.2-40-g277498a001 (webtiles) character file.

Game seed: 5244193258067257154

25 Descartes the Skirmisher (level 3, 0/23 HPs)
             Began as a Formicid Abyssal Knight on Sept 22, 2019.
             Was a Follower of Lugonu.
             Slain by Terence
             ... wielding a +0 flail
              (1 damage)
             ... on level 2 of the Dungeon.
             The game lasted 00:03:27 (1059 turns).

Descartes the Skirmisher (Formicid Abyssal Knight)  Turns: 1059, Time: 00:03:28

Health: 0/23       AC: 11    Str: 16    XL:     3   Next: 20%
Magic:  4/4        EV:  2    Int: 11    God:    Lugonu [*.....]
Gold:   73         SH:  7    Dex: 11    Spells: 2/2 levels left

rFire    . . .     SeeInvis +   g - +1 mace (crush)
rCold    . . .     Gourm    .   k - +0 shield
rNeg     . . .     Faith    .   p - +0 plate armour
rPois    .         Spirit   .   (helmet unavailable)
rElec    .         Reflect  .   (no cloak)
rCorr    .         Harm     .   (no gloves)
MR       .....                  (no boots)
Stlth    ..........             (no amulet)
HPRegen  0.07/turn              (no ring)
MPRegen  0.09/turn              (no ring)

@: no status effects
A: permanent stasis, dig shafts and tunnels, four strong arms, antennae 3,
[frail 2]
a: Dig, Shaft Self, Depart the Abyss, Renounce Religion


You were on level 2 of the Dungeon.
You worshipped Lugonu.
Lugonu was aware of your devotion.
You were hungry.

You visited 1 branch of the dungeon, and saw 2 of its levels.
You visited the Abyss 1 time.

You collected 73 gold pieces.

Inventory:

Hand Weapons
 a - a +1 hand axe
 g - a +1 mace of crushing (weapon)
Missiles
 h - 7 arrows
Armour
 k - a +0 shield (worn)
 p - a +0 plate armour (worn)
 t - a +0 scale mail
Scrolls
 b - a scroll of fear {unknown}
 e - a scroll of noise {unknown}
 f - a scroll of enchant armour {unknown}
 i - a scroll of immolation {unknown}
 j - 3 scrolls of remove curse {unknown}
 l - 4 scrolls of teleportation {unknown}
 m - 2 scrolls of identify {unknown}
 q - a scroll of enchant weapon {unknown}
Potions
 d - a potion of curing {unknown}
 o - a potion of heal wounds {unknown}
 r - a potion of haste {unknown}
 s - a potion of flight {unknown}
Comestibles
 c - 4 rations


   Skills:
 + Level 3.5 Fighting
 - Level 2.0 Axes
 + Level 2.5 Armour
 + Level 1.2 Dodging
 + Level 0.4 Stealth
 * Level 1.2 Shields
 + Level 2.6 Invocations


You had 2 spell levels left.
You didn't know any spells.
Your spell library was empty.

Dungeon Overview and Level Annotations

Branches:
Dungeon (2/15)

Altars:
Elyvilon

Annotations:
D:2 Terence


Innate Abilities, Weirdness & Mutations

You cannot be hasted, slowed, berserked, paralysed or teleported.
You can dig through walls and to a lower floor.
Your four strong arms can wield two-handed weapons with a shield.
You have a pair of large antennae on your head. (SInv)
[You are very frail. (-20% HP)]


Message History

You are feeling hungry.
Terence hits you with a +0 flail.
You hit Terence.
Terence is lightly wounded.
Terence hits you with a +0 flail! Terence barely misses you.
You closely miss Terence.
Terence is lightly wounded.
Terence hits you but does no damage. x2
Okay, then.
Terence rages.
Terence hits you but does no damage.
Terence rages.
Terence hits you with a +0 flail.
All of the chunks of flesh in your inventory have rotted away.
Terence hits you with a +0 flail!
* * * LOW HITPOINT WARNING * * *
Okay, then.
You block Terence's attack.
Terence is no longer berserk.
Terence hits you with a +0 flail.
You die...

#......# #......# ########
#......# #####......##### #......
#..............# .....
#)#.....#......# ...
#..............# ####.#
#.#.⌠.⌠.#......#
#..#†#############..............#
?..............@@..#.....#.......
####.#############...._.........#
..............## #.#.....#.#####<
#############..###.........# #.
.............#.⌠.⌠.#..>....
.......#...................
######.#..##.#.....#......#
#....##..............
####..#.###..........


You could see Terence.

Vanquished Creatures
  A dart slug (D:1)
  A leopard gecko (D:1)
  3 bats (D:1)
  3 giant cockroaches (D:1)
  A goblin (D:1)
  5 hobgoblins (D:1)
  2 jackals (D:1)
  3 frilled lizards (D:2)
  A kobold (D:1)
20 creatures vanquished.

Notes
Turn   | Place    | Note
-------+----------+-------------------------------------------
     0 | Abyss:1  | Descartes the Formicid Abyssal Knight began the quest for
                  | the Orb.
     0 | Abyss:1  | Reached XP level 1. HP: 18/18 MP: 2/2
    62 | Abyss:1  | Noticed a starcursed mass
    67 | Abyss:1  | Noticed a wretched star
    68 | Abyss:1  | Noticed a quasit
    69 | D:1      | Escaped the Abyss
   154 | D:1      | Reached skill level 1 in Dodging
   205 | D:1      | Reached XP level 2. HP: 14/19 MP: 3/3
   219 | D:1      | Reached * piety under Lugonu
   524 | D:1      | Reached skill level 1 in Shields
   756 | D:1      | Reached XP level 3. HP: 19/23 MP: 4/4
   988 | D:2      | Found a white marble altar of Elyvilon.
  1039 | D:2      | Noticed Terence
  1054 | D:2      | HP: 1/23 [Terence/+0 flail (8)]
  1059 | D:2      | Slain by Terence

Skill      XL: |  1  2 |
---------------+-------+-----
Dodging        | 1 |  1.2
Shields        | 1 |  1.2
Fighting       | |  3.5
Axes           | |  2.0
Armour         | |  2.5
Stealth        | |  0.4
Invocations    | |  2.6

Action                   || total
-------------------------++-------
Melee: Mace              ||    66
Invok: Depart the Abyss  ||     1
Armor: Leather armour    ||    12
       Ring mail         ||     4
       Scale mail        ||     6
       Plate armour      ||     4
Dodge: Dodged            ||    38
Block: Shield            ||    20
